 Dungeon Crawl Stone Soup version 0.27-a0-1321-gd358eaa319 (webtiles) character file.

Game seed: 15396512517593979689

38 Nattfarinn the Vexing (level 3, 0/20 HPs)
             Began as a Deep Elf Arcane Marksman on June 22, 2021.
             Succumbed to an adder's poison
             ... on level 2 of the Dungeon.
             The game lasted 00:02:21 (1442 turns).

Nattfarinn the Vexing (Deep Elf Arcane Marksman)    Turns: 1442, Time: 00:02:21

Health: 0/20       AC:  2    Str:  7    XL:     3   Next: 25%
Magic:  7/7        EV: 13    Int: 17    God:
Gold:   44         SH:  0    Dex: 16    Spells: 4/5 levels left

rFire    . . .     SeeInvis .   a - +0 shortbow
rCold    . . .     Faith    .   (shield currently unavailable)
rNeg     . . .     Spirit   .   d - +0 robe
rPois    .         Reflect  .   (no helmet)
rElec    .         Harm     .   (no cloak)
rCorr    .         Rampage  .   (no gloves)
Will     .....                  (no boots)
Stlth    +.........             (no amulet)
HPRegen  0.06/turn              (no ring)
MPRegen  0.10/turn              (no ring)

@: lethally poisoned (0 -> -5)
A: no striking features
a: no special abilities


You were on level 2 of the Dungeon.
You visited 1 branch of the dungeon, and saw 2 of its levels.

You collected 44 gold pieces.

Inventory:

Hand Weapons
 a - a +0 shortbow (weapon)
Missiles
 c - 16 arrows (quivered ammo)
Armour
 d - a +0 robe (worn)
Scrolls
 b - a scroll of acquirement {unknown}
 e - a scroll of identify {unknown}
 f - a scroll of brand weapon {unknown}
 g - a scroll of teleportation {unknown}
 h - a scroll of noise {unknown}


   Skills:
 - Level 0.7 Fighting
 + Level 3.5 Bows
 * Level 4.0 Dodging
 - Level 1.5 Spellcasting
 - Level 4.0 Hexes


You had 4 spell levels left.
You knew the following spells:

 Your Spells              Type           Power      Damage    Failure   Level
a - Corona                Hex            15%        N/A       4%          1

Your spell library contained the following spells:

 Spells                   Type           Power      Damage    Failure   Level
 Slow                     Hex            14%        N/A       6%          2
 Inner Flame              Hex/Fire       8%         N/A       26%         3
 Portal Projectile        Hex/Tloc       16%        N/A       26%         3
 Cause Fear               Hex            7%         N/A       36%         4
 Leda's Liquefaction      Hex/Erth       4%         N/A       65%         4


Dungeon Overview and Level Annotations

Branches:
Dungeon (2/15)

Altars:


Message History

You see here an arrow.
You shoot an arrow. The arrow misses the adder.
You shoot an arrow. The arrow hits the adder.
The adder is lightly wounded.
A bat comes into view.
You shoot an arrow. The arrow hits the adder.
The adder is heavily wounded.
You shoot an arrow. The arrow closely misses the adder.
The adder completely misses you. The bat hits you but does no damage.
You shoot an arrow.
The arrow hits the adder but does no damage.
The adder is heavily wounded.
The bat barely misses you. The adder bites you.
You are poisoned.
The adder poisons you! The adder bites you.
You are more poisoned.
The adder poisons you! The bat hits you but does no damage.
You shoot an arrow. The arrow hits the adder.
The adder is heavily wounded.
You feel very sick. The bat closely misses you. The bat misses you.
The adder closely misses you. The bat hits you but does no damage.
The hobgoblin barely misses you.
You are too injured to fight recklessly!
You are too injured to fight recklessly!
You are too injured to fight recklessly!
You feel sick. The adder bites you.
You are lethally poisoned!
The adder poisons you! The bat hits you.
* * * LOW HITPOINT WARNING * * *
The adder barely misses you.
You see here a ball python corpse.
You aren't carrying any potions.
Okay, then.
* * * LOW HITPOINT WARNING * * *
You feel sick. The bat closely misses you.
* * * LOW HITPOINT WARNING * * *
You feel sick.
* * * LOW HITPOINT WARNING * * *
You feel sick.
You die...

#... .# .
#..##.#...
#...($(..# #.b(#
. ######†##
>...#.....g# #
#..#.###.S####...
#..#.#...........
#........@.....#.
##.........###...
#....#.###.# ##
#.#..#†# .#
#....# .# #<...#
.# #....# .#
#....# .. #....#


You could see an adder, a hobgoblin and a bat.

Vanquished Creatures
  2 bats (D:1)
  6 endoplasms (D:1)
  2 giant cockroaches (D:1)
  3 goblins (D:1)
  2 hobgoblins (D:1)
  4 jackals (D:1)
  4 kobolds
  A quokka (D:1)
  4 ball pythons
  A frilled lizard (D:1)
  4 rats
33 creatures vanquished.

Notes
Turn   | Place    | Note
-------+----------+-------------------------------------------
     0 | D:1      | Nattfarinn the Deep Elf Arcane Marksman began the quest for
                  | the Orb.
     0 | D:1      | Reached XP level 1. HP: 11/11 MP: 5/5
   165 | D:1      | Reached XP level 2. HP: 16/16 MP: 6/6
  1106 | D:1      | Reached XP level 3. HP: 20/20 MP: 7/7
  1441 | D:2      | HP: 1/20 [poisoned by an adder]
  1442 | D:2      | Succumbed to an adder's poison

Illustrated notes

Levels and vault maps discovered:
D:1:      minmay_arrival_four_loops, layout_loops_ring, serial_co_window_serial,
          co_window_paths_a, co_window_paths_a, co_window_corner_a,
          co_window_corner_a, co_window_of_opportunity_a, co_window_broadway_c,
          co_window_2corner, co_window_unsneaky_path_d, glass_columns_a,
          glass_columns_b, glass_columns_a, glass_columns_a,
          minmay_tree_intersection
D:2:      layout_basic

Skill      XL: |  1  2  3 |
---------------+----------+-----
Bows           | 3 |  3.5
Dodging        | 3 4 |  4.0
Fighting       | |  0.7
Spellcasting   | |  1.5
Hexes          | |  4.0

Action                   || total
-------------------------++-------
 Fire: Shortbow          ||   113
Armor: Robe              ||    19
Dodge: Dodged            ||    51

Table legend: (Time is in decaauts)
 A = Elapsed time spent in this place.
 B = Non-inter-level travel time spent in this place.
 C = Inter-level travel time spent in this place.
 D = Time resting spent in this place.
 E = Time spent auto-exploring this place.
 F = Levels seen in this place.
 G = Mean time per level.
                   A        B        C        D        E       F      G
               +--------+--------+--------+--------+--------+-----+--------+
         Total |   1456 |   1414 |     42 |      0 |   1194 |   2 |  728.0 |
       Dungeon |   1456 |   1414 |     42 |      0 |   1194 |   2 |  728.0 |
               +--------+--------+--------+--------+--------+-----+--------+

Top non-repeatable levels by time:
     D:1: 1379 daAuts
     D:2: 76 daAuts
